 Dungeon Crawl Stone Soup version 0.23.2-33-g5129a83184 (webtiles) character file.

Game seed: 1764502641934255960

68 PlayerOfArmor the Slasher (level 4, -6/33 HPs)
             Began as a Demonspawn Gladiator on July 11, 2019.
             Killed by divine providence
             ... invoked by an orc priest
              (15 damage)
             ... on level 3 of the Dungeon on July 23, 2019.
             The game lasted 00:04:51 (1395 turns).

PlayerOfArmor the Slasher (Demonspawn Gladiator)    Turns: 1395, Time: 00:04:52

Health: -6/33      AC:  6    Str: 15    XL:     4   Next: 1%
Magic:  4/4        EV: 12    Int: 10    God:
Gold:   92         SH:  0    Dex: 14    Spells: 3/3 levels left

rFire    . . .     SeeInvis .   a - +0 long sword
rCold    . . .     Gourm    .   (no shield)
rNeg     . . .     Faith    .   e - +0 ring mail
rPois    .         Spirit   .   c - +0 helmet
rElec    .         Reflect  .   (no cloak)
rCorr    .         Harm     .   (no gloves)
MR       .....                  (no boots)
Stlth    +.........             (no amulet)
HPRegen  0.11/turn              (no ring)
MPRegen  0.09/turn              (no ring)

@: no status effects
A: powered by death 2
a: no special abilities


You were on level 3 of the Dungeon.
You were not hungry.

You visited 1 branch of the dungeon, and saw 3 of its levels.

You collected 92 gold pieces.

Inventory:

Hand Weapons
 a - a +0 long sword (weapon)
Missiles
 d - 3 throwing nets (quivered)
Armour
 c - a +0 helmet (worn)
 e - a +0 ring mail (worn)
Scrolls
 b - 3 scrolls of teleportation {unknown}
 g - 3 scrolls of identify {unknown}
 i - a scroll of remove curse {unknown}
 k - a scroll of amnesia {unknown}
Potions
 j - a potion of mutation {unknown}
 l - a potion of heal wounds {unknown}
 m - a potion of curing {unknown}
Comestibles
 f - 2 rations


   Skills:
 + Level 2.3 Fighting
 + Level 3.8 Long Blades
 - Level 1.8 Throwing
 + Level 0.4 Armour
 + Level 3.2 Dodging


You had 3 spell levels left.
You didn't know any spells.
Your spell library was empty.

Dungeon Overview and Level Annotations

Branches:
Dungeon (3/15)

Altars:

Annotations:
D:2 Sigmund


Innate Abilities, Weirdness & Mutations

You regenerate health from kills.


Message History

b - 3 scrolls labeled XOOH NESKUUX (gained 1)
You start resting.
All of the chunks of flesh in your inventory have rotted away.
HP restored.
An orc priest comes into view. It is wielding a +0 mace.
An orc comes into view. It is wielding a +0 dagger.
The orc priest mumbles some strange prayers to Beogh against you.
Pain shoots through your body!
The orc priest invokes the aid of Beogh against you.
Beogh smites you!
You hit the orc priest.
The orc priest is moderately wounded.
The orc priest barely misses you.
The orc priest calls down the wrath of Beogh upon you.
Pain shoots through your body!
* * * LOW HITPOINT WARNING * * *
The orc priest looks satisfied for a moment.
The orc priest mumbles some strange prayers to Beogh against you.
Beogh smites you!
You die...

....#### .
.....### ..
#.....# ...
#.....# ....
#o....# .....
#o....#?.....
##............
#.............
#@#.....####..
#.#.....#
..#.....#
####.....#
#.....#
#.....#
#.....#


You could see an orc priest and an orc.

Vanquished Creatures
  An adder (D:2)
  2 worms (D:2)
  A dart slug (D:1)
  3 leopard geckos
  An orc (D:2)
  A giant cockroach (D:2)
  9 hobgoblins
  2 jackals (D:1)
  A ball python (D:1)
  6 bats
  3 frilled lizards (D:1)
  4 goblins
  A jackal skeleton (D:3)
  4 kobolds
  8 rats
47 creatures vanquished.

Notes
Turn   | Place    | Note
-------+----------+-------------------------------------------
     0 | D:1      | PlayerOfArmor the Demonspawn Gladiator began the quest for
                  | the Orb.
     0 | D:1      | Reached XP level 1. HP: 16/16 MP: 1/1
   108 | D:1      | Gained mutation: You regenerate a little health from kills.
                  | [demonic ancestry]
   108 | D:1      | Reached XP level 2. HP: 19/22 MP: 2/2
   512 | D:1      | Gained mutation: You regenerate health from kills. [demonic
                  | ancestry]
   512 | D:1      | Reached XP level 3. HP: 27/27 MP: 3/3
   839 | D:2      | Noticed Sigmund
  1290 | D:2      | Reached XP level 4. HP: 24/33 MP: 4/4
  1395 | D:3      | Killed from afar by an orc priest

Skill      XL: |  1  2 |
---------------+-------+-----
Dodging        | 3 |  3.2
Long Blades    | 3 |  3.8
Fighting       | |  2.3
Throwing       | |  1.8
Armour         | |  0.4

Action                   |  1- 3 |  4- 6 || total
-------------------------+-------+-------++-------
Melee: Long sword        |   130 |     3 ||   133
  Eat: Chunk             |     1 |     1 ||     2
Armor: Leather armour    |     3 |       ||     3
       Ring mail         |    55 |     3 ||    58
Dodge: Dodged            |   127 |     1 ||   128
       Rpst.: Long sword |    39 |       ||    39
